 Dungeon Crawl Stone Soup version 0.30.1-11-g7821555f0a (webtiles) character file.

Game seed: 792052951690957912

59458 eliilek the Bludgeoner (level 14, 0/137 HPs)
             Began as a Minotaur Fighter on Oct 31, 2023.
             Was the Champion of Makhleb.
             Slain by a white ugly thing (31 damage)
             ... on level 5 of the Lair of Beasts on Nov 4, 2023.
             The game lasted 00:49:25 (15861 turns).

eliilek the Bludgeoner (Minotaur Fighter)          Turns: 15861, Time: 00:49:25

Health: 0/137      AC: 25    Str: 23    XL:     14   Next: 53%
Magic:  18/18      EV: 15    Int:  5    God:    Makhleb [******]
Gold:   1624       SH:  0    Dex: 13    Spells: 13/13 levels left

rFire   + + .        a - +12 great mace of Roppax {heavy, rF+}
rCold   . . .        (shield currently unavailable)
rNeg    . . .        E - +2 plate armour {rF+}
rPois   .            (helmet restricted)
rElec   .            z - scarf {+Inv}
rCorr   .            e - +3 pair of gloves of the Bells {+Blink}
SInv    .            (no boots)
Will    +....        b - amulet of regeneration Stlth
                     l - +4 ring of protection
HPRegen 0.00/turn    H - +5 ring of evasion
MPRegen 0.16/turn

%: no passive effects
@: sick
A: horns 2, retaliatory headbutt
a: Renounce Religion, Evoke Blink, Evoke Invisibility, Minor Destruction, Lesser
Servant of Makhleb, Major Destruction, Greater Servant of Makhleb


You were on level 5 of the Lair of Beasts.
You worshipped Makhleb.
Makhleb was exalted by your worship.
You visited 2 branches of the dungeon, and saw 15 of its levels.
You also visited: Ossuary, Bailey and Volcano.

You collected 1624 gold pieces.

Inventory:

Hand Weapons
 a - the +12 great mace of Roppax (weapon) {heavy, rF+}
   (You found it on level 10 of the Dungeon)

   rF:        It protects you from fire.
Missiles
 q - 4 poisoned darts
 K - 5 atropa-tipped darts (quivered)
Armour
 e - the +3 pair of gloves of the Bells (worn) {+Blink}
   (You acquired it on level 5 of the Lair of Beasts)

   +Blink:    It lets you blink.
 z - a scarf of invisibility (worn)
 E - a +2 plate armour of fire resistance (worn)
 O - +1 ice dragon scales
Jewellery
 b - an amulet of regeneration (around neck)
 g - a ring of poison resistance
 l - a +4 ring of protection (left hand)
 H - a +5 ring of evasion (right hand)
Wands
 i - a wand of paralysis (15)
 y - a wand of flame (49)
 A - a wand of polymorph (7)
 I - a wand of digging (15)
 J - a wand of roots (3)
 M - a wand of light (7)
Scrolls
 c - a scroll of silence
 f - 2 scrolls of identify
 k - 2 scrolls of poison
 p - 6 scrolls of amnesia
 r - 4 scrolls of vulnerability
 u - 4 scrolls of fear
 v - 9 scrolls of teleportation
 D - 7 scrolls of fog
 G - a scroll of summoning
 N - a scroll of enchant weapon
Potions
 d - 7 potions of might
 h - 5 potions of invisibility
 j - a potion of flight
 m - 4 potions of heal wounds
 n - 13 potions of curing
 o - 7 potions of lignification
 s - 5 potions of mutation
 t - a potion of cancellation
 w - 4 potions of haste
 x - a potion of resistance
 B - a potion of berserk rage
 F - a potion of experience


   Skills:
 + Level 16.2 Fighting
 * Level 18.6 Maces & Flails
 + Level 10.7 Armour
 - Level 8.0 Dodging
 + Level 11.1 Shields
 + Level 7.2 Invocations


You had 13 spell levels left.
You didn't know any spells.
Your spell library contained the following spells:

 Spells                   Type           Power      Damage    Failure   Level
 Beastly Appendage        Tmut           0%         N/A       99%         1
 Freeze                   Ice            0%         1d3       99%         1
 Summon Small Mammal      Summ           0%         N/A       99%         1
 Blink                    Tloc           0%         N/A       100%        2
 Ensorcelled Hibernation  Hex/Ice        0%         N/A       100%        2
 Lesser Beckoning         Tloc           0%         N/A       100%        2
 Momentum Strike          Conj/Tloc      0%         3d8       100%        2
 Passwall                 Tmut/Erth      0%         N/A       100%        2
 Poisonous Vapours        Pois/Air       0%         N/A       100%        2
 Static Discharge         Conj/Air       0%         2-2/arc   100%        2
 Wereblood                Tmut           0%         N/A       100%        2
 Call Canine Familiar     Summ           0%         N/A       100%        3
 Frozen Ramparts          Ice            0%         1d1       100%        3
 Hailstorm                Conj/Ice       0%         3d3       100%        3
 Inner Flame              Hex/Fire       0%         N/A       100%        3
 Mephitic Cloud           Conj/Pois/Air  0%         N/A       100%        3
 Portal Projectile        Hex/Tloc       0%         N/A       100%        3
 Spider Form              Tmut/Pois      0%         N/A       100%        3
 Summon Guardian Golem    Hex/Summ       0%         N/A       100%        3
 Swiftness                Air            0%         N/A       100%        3
 Teleport Other           Tloc           0%         N/A       100%        3
 Airstrike                Air            0%         2d(0-16)  100%        4
 Animate Armour           Summ/Erth      0%         N/A       100%        4
 Iskenderun's Mystic Bla  Conj/Tloc      0%         2d3       100%        4
 Leda's Liquefaction      Hex/Erth       0%         N/A       100%        4
 Summon Lightning Spire   Summ/Air       0%         N/A       100%        4
 Arcjolt                  Conj/Air       0%         1d10      100%        5
 Blade Hands              Tmut           0%         N/A       100%        5
 Freezing Cloud           Conj/Ice/Air   0%         6-21      100%        5
 Yara's Violent Unravell  Hex/Tmut       0%         3d3       100%        5
 Iron Shot                Conj/Erth      0%         9d1       100%        6
 Enfeeble                 Hex            0%         N/A       100%        7


Dungeon Overview and Level Annotations

Branches:
Dungeon (10/15)            Temple (0/1) D:7            Lair (5/5) D:9
  Swamp (0/4) Lair:2       Spider (0/4) Lair:2        Slime (0/5) Lair:5
Ossuary (visited)          Bailey (visited)         Volcano (visited)
    Orc: D:9-12

Altars:
Ashenzari
Elyvilon
Hepliaklqana
Makhleb
Uskayaw
Vehumet
Jiyva

Shops:
D:5 :

Annotations:
D:9 2 transporters


Innate Abilities, Weirdness & Mutations

You have a pair of horns on your head.
You reflexively headbutt those who attack you in melee.


Message History

The white ugly thing is severely wounded.
The thrashing horror closely misses you.
The thrashing horror tramples you but does no damage.
The green ugly thing basks in the mutagenic energy from its kin and changes!
The white ugly thing pecks you! The white ugly thing freezes you!!
Unknown command.
Unknown command.
You closely miss the white ugly thing.
The white ugly thing is severely wounded.
The thrashing horror tramples you but does no damage. x2
You feel ill.
The white ugly thing closely misses you.
You furiously retaliate!
You headbutt the white ugly thing! The thrashing horror tramples you.
You hold your ground!
The thrashing horror tramples you but does no damage.
You bludgeon the thrashing horror!!
Your headbutt misses the thrashing horror.
The thrashing horror is heavily damaged.
The thrashing horror misses you.
The thrashing horror tramples you but does no damage. x2
The thrashing horror closely misses you.
The yak gores you but does no damage.
The white ugly thing completely misses you.
You beat the thrashing horror like a drum!!!
You destroy the thrashing horror!
Makhleb accepts your kill.
You feel better. The white ugly thing misses you.
The white ugly thing basks in the mutagenic energy from its kin and changes!
The yak closely misses you. You furiously retaliate!
You headbutt the yak. The yak gores you!
You pound the yak like an anvil!!!
You kill the yak!
Makhleb accepts your kill.
You feel better. The white ugly thing pecks you.
The white ugly thing freezes you!!
* * * LOW HITPOINT WARNING * * *
The yak misses you.
You feel ill. The white ugly thing pecks you.
* * * LOW HITPOINT WARNING * * *
The white ugly thing freezes you!!
You die...

♣..♣ ♣♣..♣♣♣♣♣♣♣......#....
## ♣..♣♣♣....♣.♣♣
♣........... ..
♣♣...♣..♣♣....♣♣♣...........
..
♣....†..♣♣♣.♣..♣♣♣.....P...
.## ♣...♣...♣ ♣♣♣..♣
♣♣....#...#.. ♣♣.♣♣♣.♣♣
♣♣.♣♣♣♣...## .#..## ♣♣.♣
...♣ ♣♣...♣♣♣..###+....#
♣..♣♣..♣♣ ♣..♣.♣
♣♣.......... ♣.♣♣♣♣..♣♣
♣†@♣..♣ ♣.......... ♣÷♣♣
♣♣.. ♣uY♣ .♣♣♣..........
♣[.♣♣ ♣.♣ ♣♣ux
.♣♣........... ♣...♣ ..♣
♣YX♣ ♣♣........... ♣♣..♣♣..♣
♣..♣ ♣.##.....#.# ♣.....♣
..÷♣♣♣♣........# # ♣....♣♣
..♣♣♣...##.....### ♣♣...♣♣
♣♣♣ ♣...#........# ♣..††♣
♣...#.......#.


You could see 2 ugly things, an ancient zyme, a large abomination and 2 yaks.

Vanquished Creatures
  An orc warlord (Bailey)
  Snorg (Lair:3)
  A fire dragon (Volcano)
  A hydra (Lair:4)
  A catoblepas (Lair:4)
  Erica (Lair:1)
  A boulder beetle (Lair:1)
  8 death yaks
  5 two-headed ogres (Volcano)
  2 thrashing horrors (Lair:5)
  The ghost of pkoi the Grappler, a novice DrMo of Cheibriados (D:7)
  4 skysharks
  An obsidian statue (D:10)
  A wizard (D:9)
  2 bog bodies (Lair:2)
  4 oklob plants (Lair:4)
  3 salamanders (Volcano)
  An orc knight (Bailey)
  A large abomination (Lair:5)
  3 black mambas
  6 elephants (Lair:2)
  A torpor snail (Lair:2)
  A gargoyle (D:9)
  9 cane toads
  An unseen horror (D:10)
  A smoke demon (Lair:5)
  11 komodo dragons
  An unseen horror zombie (D:7)
  2 rime drakes
  A troll (D:10)
  4 polar bears (Lair:4)
  Prince Ribbit (D:7)
  27 blink frogs
  A blink frog (shapeshifter) (Lair:5)
  A hornet (D:7)
  4 dream sheep (Lair:5)
  A wraith (D:7)
  8 wyverns
  A fire bat (shapeshifter) (Lair:5)
  5 fire bats (Volcano)
  2 basilisks
  35 yaks
  4 steam dragons
  3 chaos spawn (Lair:5)
  2 swamp worms (Lair:2)
  14 water moccasins
  2 acid dragons
  7 orc warriors
  Duvessa (D:7)
  3 ice beasts
  4 sky beasts
  A black bear (D:6)
  7 ogres
  10 wolves
  4 centaurs
  A phantom (D:4)
  2 kobold brigands
  6 bullfrogs
  7 scorpions
  A gnoll sergeant (D:7)
  8 small abominations (Lair:5)
  A water moccasin zombie (Ossuary)
  7 wights
  Dowan (D:7)
  7 killer bees
  4 electric eels
  3 howler monkeys (D:9)
  2 hounds
  3 jellies
  4 orc priests
  A sleepcap (D:5)
  A gnoll bouda (D:9)
  A centaur skeleton (D:7)
  Terence (D:2)
  3 iguanas
  Natasha (twice) (D:3)
  9 orc wizards
  A hell rat (D:9)
  3 mummies
  9 gnolls
  9 adders
  3 river rats (D:9)
  A shadow imp (D:6)
  A white imp (D:6)
  An ufetubus (D:4)
  6 adder zombies (Ossuary)
  4 worms
  3 dart slugs (D:1)
  41 orcs
  10 bats
  8 endoplasms
  5 giant cockroaches
  6 gnoll zombies (Ossuary)
  14 goblins
  13 hobgoblins
  5 quokkas
  4 ball pythons
  4 frilled lizards
  5 hobgoblin zombies (Ossuary)
  25 kobolds
  8 kobold zombies (Ossuary)
  7 orc zombies (Ossuary)
  12 rats
512 creatures vanquished.

Vanquished Creatures (collateral kills)
  2 two-headed ogres (D:9)
  2 cyclopes (D:9)
  An unseen horror zombie (D:7)
  2 blink frogs (Lair:4)
  3 yaks (Lair:4)
  A wraith (D:9)
  A vampire mosquito (D:9)
  A redback (shapeshifter) (D:9)
  A water moccasin (D:9)
  A centaur (D:9)
  2 wights (D:9)
  A howler monkey (D:9)
18 creatures vanquished.

Vanquished Creatures (others)
  A komodo dragon (Volcano)
1 creature vanquished.

Grand Total: 531 creatures vanquished

Notes
Turn   | Place    | Note
-------+----------+-------------------------------------------
     0 | D:1      | eliilek the Minotaur Fighter began the quest for the Orb.
     0 | D:1      | Reached XP level 1. HP: 19/19 MP: 0/0
   188 | D:1      | Reached skill level 3 in Maces & Flails
   190 | D:1      | Reached XP level 2. HP: 26/27 MP: 1/1
   194 | D:1      | Found a faded altar of an unknown god.
   265 | D:1      | Prayed at the altar of an unknown god.
   265 | D:1      | Became a worshipper of Makhleb the Destroyer
   265 | D:1      | Reached * piety under Makhleb
   450 | D:1      | Reached XP level 3. HP: 33/33 MP: 2/2
   764 | D:2      | Reached ** piety under Makhleb
   880 | D:2      | Reached skill level 4 in Maces & Flails
   916 | D:2      | Reached skill level 1 in Invocations
   922 | D:2      | Noticed Terence
   930 | D:2      | Killed Terence
   931 | D:2      | Reached XP level 4. HP: 31/41 MP: 3/3
  1774 | D:3      | Reached XP level 5. HP: 47/47 MP: 5/5
  2092 | D:3      | Reached skill level 5 in Maces & Flails
  2153 | D:3      | Reached skill level 5 in Fighting
  2417 | D:3      | Noticed Natasha
  2426 | D:3      | Killed Natasha
  2427 | D:3      | Reached XP level 6. HP: 51/56 MP: 6/6
  2610 | D:3      | Noticed Natasha
  2622 | D:3      | Killed Natasha
  2622 | D:3      | Reached *** piety under Makhleb
  3009 | D:4      | Reached skill level 6 in Maces & Flails
  3022 | D:4      | Identified the +6 rapier "Kifi" {speed, Int+5}
  3208 | D:4      | Reached XP level 7. HP: 62/62 MP: 8/8
  3239 | D:4      | Reached skill level 7 in Maces & Flails
  3384 | D:4      | You fall into a shaft and drop 2 floors!
  3511 | D:6      | Reached skill level 8 in Maces & Flails
  3525 | D:5      | Entered Level 5 of the Dungeon
  3601 | D:6      | Reached XP level 8. HP: 71/71 MP: 10/10
  3686 | D:6      | Found a sand-covered staircase.
  3696 | Ossuary  | Entered an ossuary
  3724 | Ossuary  | Reached **** piety under Makhleb
  3808 | Ossuary  | Reached skill level 9 in Maces & Flails
  4063 | D:5      | Found Plog's Tiny Tomes.
  4246 | D:4      | Reached skill level 5 in Invocations
  4494 | D:4      | Found a radiant altar of Vehumet.
  5010 | D:5      | Reached ***** piety under Makhleb
  5435 | D:6      | Reached skill level 10 in Maces & Flails
  5735 | D:7      | Noticed Prince Ribbit
  5748 | D:7      | Killed Prince Ribbit
  5749 | D:7      | Reached XP level 9. HP: 80/81 MP: 12/12
  5948 | D:7      | Found a runed translucent gate.
  5949 | D:7      | Found a runed translucent gate.
  5950 | D:7      | Found a runed translucent gate.
  5952 | D:7      | Noticed pkoi's ghost (novice DrMo)
  6028 | D:7      | Noticed Duvessa
  6029 | D:7      | Noticed Dowan
  6034 | D:7      | Killed Duvessa
  6037 | D:7      | Killed Dowan
  6038 | D:7      | Found a staircase to the Ecumenical Temple.
  6182 | D:7      | Reached skill level 11 in Maces & Flails
  6395 | D:7      | Reached skill level 12 in Maces & Flails
  6677 | D:7      | Killed pkoi's ghost
  6678 | D:7      | Reached XP level 10. HP: 33/93 MP: 13/13
  6686 | D:7      | Reached skill level 13 in Maces & Flails
  6775 | D:8      | Reached skill level 10 in Fighting
  7378 | D:9      | Found a transporter.
  7379 | D:9      | Noticed a gargoyle
  7380 | D:9      | Noticed a cyclops
  7380 | D:9      | Noticed a two-headed ogre
  7402 | D:9      | Noticed a death yak
  7418 | D:9      | Noticed a cyclops
  7423 | D:9      | Noticed a wizard
  7448 | D:9      | Found a transporter.
  7450 | D:9      | Found a transporter.
  7492 | D:9      | Reached skill level 14 in Maces & Flails
  7758 | D:9      | Found a staircase to the Lair.
  7758 | D:9      | Noticed a death yak
  7776 | D:9      | Noticed a death yak
  7785 | D:9      | Killed a death yak
  7809 | D:9      | Killed a death yak
  7918 | D:9      | Noticed a two-headed ogre
  7934 | D:9      | Killed a two-headed ogre
  8146 | D:9      | Killed a death yak
  8147 | D:9      | Reached skill level 1 in Dodging
  8147 | D:9      | Reached XP level 11. HP: 49/107 MP: 14/14
  8223 | D:9      | Found a transporter.
  8262 | D:9      | Found a transporter.
  8263 | D:9      | Noticed a harpy
  8428 | D:9      | Reached skill level 5 in Shields
  8429 | D:9      | Killed a wizard
  8440 | D:9      | Killed a two-headed ogre
  8441 | D:9      | Reached skill level 5 in Armour
  8599 | D:10     | Entered Level 10 of the Dungeon
  8648 | D:10     | Noticed an obsidian statue
  8661 | D:10     | Noticed a sun demon
  8663 | D:10     | Killed an obsidian statue
  8672 | D:10     | Identified the +12 great mace of Roppax {heavy, rF+}
  8673 | D:10     | Identified the +5 dire flail "Dragon's Tongue" {speed,
                  | +Blink}
  8927 | D:10     | Found a flagged portal.
  8936 | Bailey   | Entered a bailey
  8997 | Bailey   | Noticed an orc warlord
  9023 | Bailey   | Noticed an orc knight
  9030 | Bailey   | Killed an orc knight
  9122 | Bailey   | Found a runed translucent gate.
  9125 | Bailey   | Found a runed translucent gate.
  9127 | Bailey   | Found a runed translucent gate.
  9275 | Bailey   | Killed an orc warlord
  9519 | D:10     | Got Dumun's Parchment of Meteoric Wanderlust
  9662 | D:10     | Found a broken altar of Ashenzari.
  9665 | D:10     | Found a hazy altar of Hepliaklqana.
  9673 | D:10     | Found a white marble altar of Elyvilon.
  9935 | Lair:1   | Entered Level 1 of the Lair of Beasts
  9977 | Lair:1   | Reached XP level 12. HP: 117/117 MP: 12/15
 10114 | Lair:1   | Reached ****** piety under Makhleb
 10121 | Lair:1   | Noticed a boulder beetle
 10130 | Lair:1   | Killed a boulder beetle
 10241 | Lair:1   | Noticed Erica
 10246 | Lair:1   | Killed Erica
 10247 | Lair:1   | Reached skill level 5 in Dodging
 10795 | Lair:2   | Reached skill level 15 in Maces & Flails
 10922 | Lair:2   | Found a hide-covered altar of Uskayaw.
 11256 | Lair:2   | Found a hole to the Spider Nest.
 11394 | Lair:2   | Reached skill level 10 in Shields
 11721 | Lair:2   | Found a staircase to the Swamp.
 12057 | Lair:3   | Noticed Snorg
 12068 | Lair:3   | Killed Snorg
 12069 | Lair:3   | Reached skill level 16 in Maces & Flails
 12069 | Lair:3   | Reached XP level 13. HP: 125/125 MP: 12/16
 12905 | Lair:4   | Reached skill level 15 in Fighting
 13061 | Lair:4   | Found a dark tunnel.
 13066 | Volcano  | Entered a volcano
 13275 | Volcano  | Reached skill level 17 in Maces & Flails
 13458 | Volcano  | Noticed a fire dragon
 13463 | Volcano  | Killed a fire dragon
 14063 | Lair:4   | Identified the +1 ring mail of Somewhere Else {Rampage
                  | rCorr Int-5}
 14737 | Lair:5   | Entered Level 5 of the Lair of Beasts
 14927 | Lair:5   | Reached XP level 14. HP: 85/136 MP: 9/17
 14931 | Lair:5   | Reached skill level 10 in Armour
 15158 | Lair:5   | Reached skill level 18 in Maces & Flails
 15351 | Lair:5   | Identified a scroll of acquirement
 15351 | Lair:5   | Acquired the +3 pair of gloves of the Bells {+Blink}
 15408 | Lair:5   | Found a staircase to the Slime Pits.
 15409 | Lair:5   | Found a viscous altar of Jiyva.
 15508 | Lair:5   | Identified the +1 shortbow of the Poles {freeze, Int+3
                  | Dex-2}
 15861 | Lair:5   | Slain by a white ugly thing

Illustrated notes

Levels and vault maps discovered:
D:1:      dpeg_arrival_arbitrary_b, layout_loops_ring,
          ebering_ecumenical_altar_rust, minmay_indecisive_spiral
D:2:      layout_basic, uniq_terence
D:3:      layout_loops_corners, uniq_natasha
D:4:      minmay_recursive_quarters, layout_basic, vehumet_altar_wand_db,
          minivault_5
D:5:      layout_rooms, nicolae_shop_i_like_small_books_too, nrook_uturn
D:6:      layout_basic, gup_ossuary_entry_pyramid, nicolae_titane
D:7:      layout_cave_pools, minmay_temple_entry_poolview,
          serial_co_window_serial, co_window_paths_a, co_window_paths_a,
          co_window_paths_b, co_window_of_opportunity_a,
          co_window_of_opportunity_a, co_window_corner_a, co_window_paths_b,
          co_window_of_opportunity_c, co_window_broadway_c,
          co_window_broadway_c, co_window_paths_c, co_window_unsneaky_path_e,
          co_window_paths_d, glass_columns_a, gammafunk_ghost_necromancy,
          serial_bayou_pond_e, kennysheep_generic_room_6, uniq_duvessa,
          uniq_prince_ribbit1
D:8:      layout_basic, special_room [special_room_orc]
D:9:      gammafunk_the_bubble [the_bubble_gammafunk_roulette],
          layout_cave_pods, dpeg_lair_monsters
D:10:     layout_long_grid, minitemple, enter_bailey_3, minivault_22,
          minivault_15
Lair:1:   layout_hall_layers, uniq_erica
Lair:2:   layout_cave_shapes, nicolae_swamp_entry_splash_gauntlet,
          nicolae_spider_entry_non_spiders, basic_altar,
          nicolae_quartered_pool_super
Lair:3:   layout_regular_city, st_stairs_10, serial_bayou_shore_a,
          grunt_megastairs_1, uniq_snorg
Lair:4:   minmay_lair_oklob_chamber, layout_regular_city, enter_volcano_4,
          beast_lair_carwin_2, infiniplex_staircase_pool_2
Lair:5:   hellmonk_lair_end_abyssal_woods, layout_regular_city, slime_entry_1,
          minivault_23, hangedman_lair_unloving_vines, grunt_megastairs_2

Skill      XL: |  1  2  3  4  5  6  7  8  9 10 11 12 13 14 |
---------------+-------------------------------------------+-----
Maces & Flails | 3 4 5 6 8 10 12 14 16 17 18 | 18.6
Fighting       | 4 5 6 8 9 13 14 15 16 | 16.2
Invocations    | 1 2 3 4 5 6 7 |  7.2
Dodging        | 1 4 6 8 |  8.0
Shields        | 4 8 10 11 | 11.1
Armour         | 6 8 9 10 | 10.7

Action                     |  1- 3 |  4- 6 |  7- 9 | 10-12 | 13-15 || total
---------------------------+-------+-------+-------+-------+-------++-------
  Melee: Flail             |    81 |   157 |   153 |       |       ||   391
         Headbutt          |    15 |    26 |    45 |    87 |    48 ||   221
         Morningstar       |       |       |   157 |   215 |       ||   372
         Great mace        |       |       |       |   196 |   289 ||   485
  Throw: Dart              |       |       |     2 |       |       ||     2
 Invoke: Lesser Servant of |       |       |     1 |     3 |     1 ||     5
         Major Destruction |       |       |       |     4 |       ||     4
         Greater Servant o |       |       |       |     1 |       ||     1
    Use: Scroll            |       |       |    15 |     8 |     8 ||    31
         Potion            |       |       |       |     5 |     2 ||     7
 Armour: Scale mail        |    20 |       |       |       |       ||    20
         Chain mail        |    15 |     6 |       |       |       ||    21
         Plate armour      |       |   120 |   185 |   189 |   146 ||   640
         Ice dragon scales |       |       |       |    13 |    34 ||    47
         Steam dragon scal |       |       |       |       |    11 ||    11
  Dodge: Dodged            |    34 |    50 |    82 |   193 |   308 ||   667
  Block: Buckler           |    13 |    35 |    74 |    50 |       ||   172
